 Dungeon Crawl Stone Soup version 0.25.1-8-g42b30a86e7 (webtiles) character file.

Game seed: 3204870005394414235

25 JohnSpartan the Poker (level 2, -1/25 HPs)
             Began as a Minotaur Gladiator on Dec 17, 2020.
             Slain by an adder (4 damage)
             ... on level 2 of the Dungeon.
             The game lasted 00:06:09 (1246 turns).

JohnSpartan the Poker (Minotaur Gladiator)          Turns: 1246, Time: 00:06:10

Health: -1/25      AC:  3    Str: 18    XL:     2   Next: 82%
Magic:  1/1        EV: 12    Int:  5    God:
Gold:   33         SH:  0    Dex: 11    Spells: 1/1 levels left

rFire    . . .     SeeInvis .   a - +0 trident
rCold    . . .     Gourm    .   (no shield)
rNeg     . . .     Faith    .   b - +0 leather armour
rPois    .         Spirit   .   c - +0 hat
rElec    .         Reflect  .   (no cloak)
rCorr    .         Harm     .   (no gloves)
MR       .....                  (no boots)
Stlth    +.........             (no amulet)
HPRegen  0.08/turn              (no ring)
MPRegen  0.07/turn              (no ring)

@: lethally poisoned (-1 -> -16)
A: retaliatory headbutt, horns 2
a: no special abilities


You were on level 2 of the Dungeon.
You were not hungry.

You visited 1 branch of the dungeon, and saw 2 of its levels.

You collected 33 gold pieces.

Inventory:

Hand Weapons
 a - a +0 trident (weapon)
Missiles
 d - a throwing net
 l - 3 stones
 m - 36 bolts
 o - 3 boomerangs (quivered)
Armour
 b - a +0 leather armour (worn)
 c - a +0 hat (worn)
 q - a cursed +0 buckler
Jewellery
 k - a +6 ring of strength {unknown}
Scrolls
 e - a scroll of magic mapping {unknown}
 g - 3 scrolls of identify {unknown}
 h - a scroll of blinking {unknown}
 i - 2 scrolls of remove curse {unknown}
Potions
 j - a potion of brilliance {unknown}
 n - a potion of stabbing {unknown}
 p - a potion of might {unknown}
Comestibles
 f - a ration


   Skills:
 + Level 2.8 Fighting
 - Level 3.6 Polearms
 + Level 2.3 Throwing
 * Level 2.2 Armour
 - Level 3.2 Dodging


You had one spell level left.
You didn't know any spells.
Your spell library was empty.

Dungeon Overview and Level Annotations

Branches:
Dungeon (2/15)

Altars:
Qazlal


Innate Abilities, Weirdness & Mutations

You reflexively headbutt those who attack you in melee.
You have a pair of horns on your head.


Message History

The hobgoblin hits you with a +0 club. The adder bites you.
You are more poisoned.
The adder poisons you!
You feel sick. The adder bites you.
You are more poisoned.
The adder poisons you!
* * * LOW HITPOINT WARNING * * *
You feel sick.
* * * LOW HITPOINT WARNING * * *
You feel sick.
You barely miss the adder. Your headbutt misses the adder.
The adder is almost dead.
* * * LOW HITPOINT WARNING * * *
You feel sick. The adder bites you.
* * * LOW HITPOINT WARNING * * *
You are more poisoned.
The adder poisons you! The adder completely misses you.
* * * LOW HITPOINT WARNING * * *
You feel sick. The adder bites you.
You die...

..........###.##.#.#
.......<......#..#.######
.................#.......
............≈....#.......
###........≈≈≈≈..#......
#...≈≈≈≈≈≈≈≈...#.....
#...≈≈≈≈≈≈≈≈≈....#
#.≈≈≈≈≈>_≈≈.gS.).#
#.≈≈≈≈≈.⌠≈≈.@≈.###
....≈.≈≈≈≈≈≈....#
####...≈≈≈≈≈≈≈...#
#......≈≈≈....#
....≈.....# ........≈.#
###########


You could see an adder and a hobgoblin.

Vanquished Creatures
  An ooze (D:1)
  A dart slug (D:1)
  A giant cockroach (D:1)
  2 goblins (D:1)
  4 jackals (D:1)
  3 bats (D:1)
  A frilled lizard (D:1)
  3 kobolds (D:1)
  3 rats (D:1)
19 creatures vanquished.

Notes
Turn   | Place    | Note
-------+----------+-------------------------------------------
     0 | D:1      | JohnSpartan the Minotaur Gladiator began the quest for the
                  | Orb.
     0 | D:1      | Reached XP level 1. HP: 18/18 MP: 0/0
    37 | D:1      | Reached skill level 1 in Armour
    40 | D:1      | Reached XP level 2. HP: 7/25 MP: 1/1
  1212 | D:2      | Found a stormy altar of Qazlal.
  1246 | D:2      | Slain by an adder

Illustrated notes

Levels and vault maps discovered:
D:1:      dpeg_arrival_stonehenge_8_columns, layout_loops_ring,
          minmay_tiny_reverse_x
D:2:      lemuel_upstairs_altar, layout_basic, lemuel_coloured_pillars_altar,
          nicolae_qazlal_general_emergency

Skill      XL: |  1  2 |
---------------+-------+-----
Armour         | 1 2 |  2.2
Fighting       | |  2.8
Polearms       | |  3.6
Throwing       | |  2.3
Dodging        | |  3.2

Action                   || total
-------------------------++-------
Melee: Trident           ||    46
       Headbutt          ||     4
Throw: Throwing net      ||     4
       Boomerang         ||     2
  Eat: Chunk             ||     1
Armor: Leather armour    ||    24
Dodge: Dodged            ||    59
